 Dungeon Crawl Stone Soup version 0.26-a0-639-g72c4674329 (webtiles) character file.

Game seed: 4580847633285184667

2746 Fingolfin the Changer (level 9, -13/82 HPs)
             Began as a Naga Transmuter on Sept 18, 2020.
             Was a Priest of Cheibriados.
             Shot with an arrow by a centaur (15 damage)
             ... on level 8 of the Dungeon on Sept 23, 2020.
             The game lasted 00:30:53 (9812 turns).

Fingolfin the Changer (Naga Transmuter)             Turns: 9812, Time: 00:30:54

Health: -13/82     AC:  7    Str: 27    XL:     9   Next: 68%
Magic:  12/12      EV: 12    Int: 25    God:    Cheibriados [***...]
Gold:   462        SH:  0    Dex: 18    Spells: 1/13 levels left

rFire    . . .     SeeInvis +   a - +3 war axe
rCold    + . .     Faith    .   (no shield)
rNeg     . . .     Spirit   .   E - +1 robe of Foolhardiness {Str+2 Int+2}
rPois    +         Reflect  .   (no helmet)
rElec    .         Harm     .   d - +0 cloak {Stlth+}
rCorr    .         Rampage  .   w - +0 pair of gloves
MR       +....                  (no barding)
Stlth    ++........             (no amulet)
HPRegen  0.23/turn              i - ring of protection from cold
MPRegen  0.13/turn              z - +6 ring of strength

@: lightly drained, very slow
A: large, see invisible, deformed body, poison resistance, slowness 2, spit
poison 1, weak 1, AC +3
a: Spit Poison, Bend Time, Temporal Distortion, Renounce Religion


You were on level 8 of the Dungeon.
You worshipped Cheibriados.
Cheibriados was most pleased with you.
You visited 1 branch of the dungeon, and saw 8 of its levels.
You also visited: Ossuary.

You collected 462 gold pieces.

Inventory:

Hand Weapons
 a - a +3 war axe (weapon)
 b - a +0 dagger of venom
Missiles
 e - 305 stones
 n - 23 poisoned darts
 s - 11 boomerangs (quivered)
 v - 2 boomerangs of dispersal
 H - 5 javelins
Armour
 c - a +0 scale mail
 d - a +0 cloak of stealth (worn)
 w - a +0 pair of gloves (worn)
 E - the +1 robe of Foolhardiness (worn) {Str+2 Int+2}
   (You found it on level 5 of the Dungeon)

   It affects your strength (+2).
   It affects your intelligence (+2).
 I - a +2 kite shield
Jewellery
 i - a ring of protection from cold (left hand)
 m - an uncursed ring of resist corrosion
 z - a +6 ring of strength (right hand)
Wands
 g - a wand of polymorph (6)
 C - a wand of paralysis (10)
Scrolls
 h - 2 scrolls of teleportation
 j - a scroll of immolation
 l - 3 scrolls of fear
 o - 4 scrolls of enchant weapon
 p - 3 scrolls of fog
 t - 2 scrolls of blinking
 x - 6 scrolls of remove curse
 y - a scroll of magic mapping
 G - a scroll of enchant armour {unknown}
Potions
 f - a potion of stabbing {unknown}
 q - 2 potions of resistance
 r - 2 potions of flight
 u - 2 potions of magic
 A - a potion of mutation {unknown}
 D - 3 potions of lignification


   Skills:
 - Level 6.0(5.5) Fighting
 + Level 4.7(4.3) Throwing
 - Level 4.0(3.5) Armour
 - Level 4.0(3.5) Dodging
 - Level 3.0(2.6) Unarmed Combat
 - Level 2.5(2.0) Spellcasting
 * Level 6.6(6.1) Transmutations
 + Level 2.3(1.9) Invocations
 + Level 2.2(1.8) Evocations


You had one spell level left.
You knew the following spells:

 Your Spells              Type           Power        Failure   Level
a - Beastly Appendage     Tmut           ####..       1%          1
b - Wereblood             Tmut           ####....     1%          2
c - Ice Form              Ice/Tmut       ###.....     30%         4
d - Blade Hands           Tmut           ####......   24%         5

Your spell library contained the following spells:

 Spells                   Type           Power        Failure   Level
 Shock                    Conj/Air       #...         11%         1
 Spider Form              Tmut/Pois      ###.......   10%         3
 Swiftness                Air            #.......     17%         2
 Static Discharge         Conj/Air       #.......     32%         3
 Airstrike                Air            #.........   73%         4
 Lightning Bolt           Conj/Air       #.........   97%         5


Dungeon Overview and Level Annotations

Branches:
Dungeon (8/15)             Temple (0/1) D:6         Ossuary (visited)
   Lair: D:8-11

Altars:
Cheibriados
Fedhas
Kikubaaqudgha
Ru
Trog
Vehumet
Wu Jian
Zin

Shops:
D:6 (

Annotations:
D:4 exclusion: statue


Innate Abilities, Weirdness & Mutations

You cannot wear boots.
Your serpentine skin is tough. (AC +3)
You have supernaturally acute eyesight. (SInv)
Armour fits poorly on your strangely shaped body.
Your system is resistant to poisons. (rPois)
You cover ground very slowly.
You can spit poison.
You are weak. (Str -2)


Message History

The orc priest looks encouraged for a moment.
The ogre misses you.
The centaur shoots an arrow.
The arrow hits you.
* * * LOW HITPOINT WARNING * * *
Unknown command.
Evoke which item? (* to show all) (? for menu, Esc to quit)
Press: ? - help, Shift-Dir - straight line, f - centaur, p - ogre
Aim: a centaur, wielding a +0 shortbow and quivering 16 arrows (chance to defeat MR: 50%)
The centaur resists with significant effort.
The centaur shoots an arrow.
The arrow closely misses you.
The ogre hits you with a +0 giant spiked club!
* * * LOW HITPOINT WARNING * * *
You feel better.
You have got your breath back.
The centaur shoots an arrow.
The arrow barely misses you.
You feel better.
The centaur shoots an arrow.
The arrow barely misses you.
The orc priest miscasts a cantrip.
The ogre hits you with a +0 giant spiked club!!
* * * LOW HITPOINT WARNING * * *
The centaur shoots an arrow.
The arrow hits you!
You die...

.. #.##
...# #..#
# #..# #.
..# #### #
#..####c#
...####.
#.oO@).<#
...#... ##
#..####.#
##.#.#
..... ..$.
.....#
.####
...#.#
##.#.###.#
.##.#...
.........#
#..... ...
######.###
.. ###
###. # #[#
##.# ## #
#)# #..#
##+.+##


You could see an ogre, a centaur and an orc priest.

Vanquished Creatures
  A gargoyle (D:8)
  Sigmund (D:2)
  2 ice beasts (D:5)
  5 ogres
  A phantom (D:5)
  A centaur (D:8)
  A scorpion (D:4)
  4 wights (D:7)
  A howler monkey (D:5)
  2 hounds (D:4)
  9 orc wizards
  A centaur skeleton (D:4)
  3 orc priests
  Crazy Yiuf (D:2)
  A jelly (D:8)
  2 iguanas (D:5)
  13 worker ants
  2 big kobold zombies (Ossuary)
  A hound zombie (D:8)
  2 hound skeletons (D:5)
  3 mummies
  2 worker ant zombies
  6 adders
  A white imp (D:5)
  An ufetubus (D:5)
  2 oozes
  7 adder zombies
  3 adder skeletons
  5 worms
  6 dart slugs
  4 leopard geckos
  36 orcs
  3 ball pythons
  2 giant cockroaches
  6 gnoll zombies (Ossuary)
  7 goblins
  5 hobgoblins
  12 jackals
  4 quokkas
  5 bats
  3 frilled lizards
  5 hobgoblin zombies (Ossuary)
  13 kobolds
  4 kobold zombies (Ossuary)
  5 orc zombies (Ossuary)
  6 rats
210 creatures vanquished.

Notes
Turn   | Place    | Note
-------+----------+-------------------------------------------
     0 | D:1      | Fingolfin the Naga Transmuter began the quest for the Orb.
     0 | D:1      | Reached XP level 1. HP: 18/18 MP: 3/3
   230 | D:1      | Reached XP level 2. HP: 25/25 MP: 5/5
   810 | D:1      | Reached XP level 3. HP: 9/33 MP: 6/6
  1191 | D:1      | Learned a level 2 spell: Wereblood
  1906 | D:2      | Found a runed translucent door.
  1907 | D:2      | Noticed Crazy Yiuf
  1995 | D:2      | Reached XP level 4. HP: 23/42 MP: 7/7
  2166 | D:2      | Noticed Sigmund
  2180 | D:2      | Killed Sigmund
  2180 | D:2      | Reached skill level 5 in Fighting
  2180 | D:2      | Reached XP level 5. HP: 38/52 MP: 8/8
  2181 | D:2      | Found an ancient bone altar of Kikubaaqudgha.
  2540 | D:2      | Reached XP level 6. HP: 61/61 MP: 9/9
  2868 | D:2      | Killed Crazy Yiuf
  3371 | D:3      | Reached skill level 1 in Armour
  3754 | D:3      | Found a sacrificial altar of Ru.
  3754 | D:3      | Found a blossoming altar of Fedhas.
  4017 | D:4      | Reached XP level 7. HP: 45/69 MP: 10/10
  4416 | D:4      | Found a radiant altar of Vehumet.
  4920 | D:4      | Found a snail-covered altar of Cheibriados.
  4925 | D:4      | Became a worshipper of Cheibriados the Contemplative
  4933 | D:4      | Found an ornate altar of the Wu Jian Council.
  4947 | D:4      | Found a bloodstained altar of Trog.
  4950 | D:4      | Found a glowing silver altar of Zin.
  5080 | D:5      | Entered Level 5 of the Dungeon
  5088 | D:5      | Reached XP level 8. HP: 76/76 MP: 11/11
  5209 | D:5      | Found a sand-covered staircase.
  5215 | Ossuary  | Entered an ossuary
  5477 | Ossuary  | Reached * piety under Cheibriados
  5609 | Ossuary  | Reached skill level 1 in Throwing
  5677 | Ossuary  | Learned a level 4 spell: Ice Form
  6375 | D:5      | Learned a level 5 spell: Blade Hands
  6644 | D:5      | Got a shadowed robe
  6655 | D:5      | Identified the +1 robe of Foolhardiness {Str+2 Int+2} (You
                  | found it on level 5 of the Dungeon)
  6939 | D:5      | Reached ** piety under Cheibriados
  7304 | D:5      | Gained mutation: You are weak. (Str -2) [mutagenic glow]
  7575 | D:5      | Reached XP level 9. HP: 81/82 MP: 12/12
  8206 | D:6      | Found Archeul's Antique Weapon Shoppe.
  8236 | D:6      | Reached skill level 5 in Transmutations
  8683 | D:6      | Found a staircase to the Ecumenical Temple.
  8739 | D:6      | Found a snail-covered altar of Cheibriados.
  9012 | D:7      | You fall into a shaft and drop 1 floor!
  9066 | D:8      | Reached *** piety under Cheibriados
  9079 | D:8      | Noticed a gargoyle
  9086 | D:8      | Killed a gargoyle
  9086 | D:8      | Reached skill level 1 in Invocations
  9086 | D:8      | Reached skill level 1 in Evocations
  9810 | D:8      | HP: 3/82 [ogre/+0 giant spiked club (14)]
  9812 | D:8      | Shot with an arrow by a centaur

Illustrated notes

Levels and vault maps discovered:
D:1:      enne_arrival_octagon_isle, layout_basic, minmay_misc_feat_alley
D:2:      minmay_wonky_spiral, layout_loops_corners, overflow_temple_1_default,
          minmay_goblin_kobold_house, uniq_crazy_yiuf_cottage, uniq_sigmund
D:3:      layout_loops_ring, minitemple
D:4:      layout_loops_ring, vehumet_statue, grunt_temple_overflow_cloverleaf
D:5:      minmay_clustersquares, layout_layer_cave, gup_ossuary_entry_pyramid
D:6:      layout_loops_ring, minmay_temple_entry_crystal_x, serial_shops, shop,
          fountainhead, kennysheep_slug_shrine
D:7:      layout_loops_cross, enter_bailey_2
D:8:      cheibrodos_statue_roulette, layout_loops_cross,
          fedhas_bush_and_centaur_altar

Skill      XL: |  1  2  3  4  5  6  7  8  9 |
---------------+----------------------------+-----
Fighting       | 2 3 5 6 |  6.0
Armour         | 2 4 |  4.0
Dodging        | 2 3 4 |  4.0
Throwing       | 3 4 |  4.7
Transmutations | 4 6 |  6.6
Invocations    | 2 |  2.3
Evocations     | 2 |  2.2
Unarmed Combat | |  3.0
Spellcasting   | |  2.5

Action                   |  1- 3 |  4- 6 |  7- 9 || total
-------------------------+-------+-------+-------++-------
Melee: Dagger            |    10 |    51 |   761 ||   822
       Unarmed           |     4 |       |    10 ||    14
       Short sword       |    92 |       |       ||    92
       Spear             |    18 |    40 |       ||    58
       Quarterstaff      |       |    32 |     5 ||    37
       Punch             |       |       |    16 ||    16
       Headbutt          |       |       |     5 ||     5
       War axe           |       |       |    13 ||    13
Throw: Dart              |       |     2 |       ||     2
       Boomerang         |       |       |    35 ||    35
 Cast: Wereblood         |       |       |     5 ||     5
       Beastly Appendage |       |       |     2 ||     2
       Blade Hands       |       |       |     2 ||     2
 Abil: Spit Poison       |    31 |    36 |    26 ||    93
Evoke: Wand              |       |       |     1 ||     1
  Use: Potion            |       |     6 |     5 ||    11
       Scroll            |       |     8 |     8 ||    16
 Stab: Sleeping          |       |       |     1 ||     1
Armor: Scale mail        |    48 |    45 |   193 ||   286
       Skin              |       |     6 |    21 ||    27
       Robe              |       |       |    89 ||    89
Dodge: Dodged            |    22 |    39 |   336 ||   397
Block: Kite shield       |    49 |    11 |       ||    60

Table legend: (Time is in decaauts)
 A = Elapsed time spent in this place.
 B = Non-inter-level travel time spent in this place.
 C = Inter-level travel time spent in this place.
 D = Time resting spent in this place.
 E = Time spent auto-exploring this place.
 F = Levels seen in this place.
 G = Mean time per level.
                   A        B        C        D        E       F      G
               +--------+--------+--------+--------+--------+-----+--------+
         Total |  13525 |  13033 |    492 |   3007 |   7529 |   9 | 1502.8 |
       Dungeon |  12703 |  12211 |    492 |   2618 |   7529 |   8 | 1587.9 |
       Ossuary |    821 |    821 |      0 |    389 |      0 |   1 |  821.0 |
               +--------+--------+--------+--------+--------+-----+--------+

Top non-repeatable levels by time:
     D:5: 3161 daAuts
     D:1: 1918 daAuts
     D:2: 1899 daAuts
     D:4: 1473 daAuts
     D:7: 1419 daAuts
     D:6: 1380 daAuts
     D:3: 1093 daAuts
 Ossuary: 821 daAuts
     D:8: 357 daAuts
